cohdb
Replays
Latest Replays
All Replays
Popular Replays
Top Player Replays
Match Explorer
How It Works
Community
CoH3 Stats
Reddit
Sign in to upload your games and track your stats! →
Sign in with Steam
Match 44133783
Unlisted
Match 44133783
Overview
Messages
Build Orders
End
Royal Engineer Section
Construct Section Command Post
Construct Section Command Post
Selects Canadian Shock Battlegroup
Dingo Light Scout Car
Infantry Section
Infantry Section
Construct Platoon Command Post
Selects Attacking Spirit
Selects Incendiary Munitions
Selects Canadian Shock Section
Humber Armored Car
Canadian Shock Section
Construct Field Infirmary
Unlock M3 Stuart Light Tanks
M3 Stuart Light Tank
Canadian Shock Section
Construct Company Command Post
Crusader II Medium Tank
Selects Pyrotechnics
Canadian Shock Section
Crusader II Medium Tank
DrewP
ghenvnf15
0
0
Comments
sign in to comment!
No comments posted yet!